 Dungeon Crawl Stone Soup version 0.17-a0-1805-g6093636 (webtiles) character file.

16 Gorice the Grave Robber (level 2, 0/13 HPs)
             Began as a Spriggan Wanderer on Sept 12, 2015.
             Slain by a jackal (2 damage)
             ... on level 1 of the Dungeon.
             The game lasted 00:04:18 (1230 turns).

Gorice the Grave Robber (Spriggan Wanderer)         Turns: 1230, Time: 00:04:18

Health: 0/13       AC:  2    Str:  9    XL:     2   Next: 37%
Magic:  5/5        EV: 15    Int: 11    God:
Gold:   69         SH:  0    Dex: 16    Spells: 0 memorised, 3 levels left

rFire  . . .     SeeInvis +     e - +0 dagger
rCold  . . .     Clarity  .     d - +0 robe
rNeg   . . .     SustAt   .     (shield restricted)
rPois  .         Gourm    .     (helmet restricted)
rElec  .         Spirit   .     (no cloak)
rCorr  .         Warding  .     (gloves unavailable)
rMut   .         Stasis   .     (boots unavailable)
MR     .....                    (no amulet)
Stlth  ++........               (no ring)
                                (no ring)

@: very quick, not resistant to hostile enchantments, unstealthy
A: unfitting armour, see invisible, herbivore 3, speed 3, slow metabolism 2
a: no special abilities


You were on level 1 of the Dungeon.
You were not hungry.

You visited 1 branch of the dungeon, and saw 1 of its levels.

You collected 69 gold pieces.

Inventory:

Hand weapons
 e - a +0 dagger (weapon)
Missiles
 a - 71 stones (quivered)
Armour
 d - a +0 robe (worn)
Scrolls
 g - a scroll of fear {unknown}
 h - a scroll of blinking {unknown}
 j - a scroll of remove curse {unknown}
 k - a scroll of identify {unknown}
Potions
 c - a potion of lignification {!q}
 i - a potion of flight {unknown}
Books
 b - the Disquisition on Shape Shifting

   Spells                             Type                      Level
   a - Beastly Appendage              Transmutation                1
   b - Sticks to Snakes               Transmutation                2
Miscellaneous
 Z - a stone of tremors
Comestibles
 f - a bread ration {!e}


   Skills:
 * Level 2.0 Short Blades
 + Level 2.3 Stealth
 - Level 1.3 Spellcasting
   Level 1.5 Summonings
   Level 2.6 Necromancy
   Level 2.0 Poison Magic
 - Level 1.3 Evocations


You had 3 spell levels left.
You didn't know any spells.

Dungeon Overview and Level Annotations

Branches:
Dungeon (1/15)

Altars:


Innate Abilities, Weirdness & Mutations

You are tiny and cannot use many weapons and most armour.
You have supernaturally acute eyesight.
You are a herbivore.
You cover ground extremely quickly.
You need consume almost no food.


Message History

The jackal is severely wounded.
The jackal misses you.
You hit the jackal.
You kill the jackal!
Your Short Blades skill increases to level 2!
No target in view!
No target in view!
You start resting.
The jackal barks!
You hit the jackal.
The jackal is heavily wounded.
The jackal bites you.
Damage: 1 (max 1)
You hit the jackal but do no damage.
The jackal is heavily wounded.
The jackal misses you.
You barely miss the jackal.
The jackal is heavily wounded.
The jackal bites you.
Damage: 3 (max 3)
You hit the jackal but do no damage.
The jackal is heavily wounded.
The jackal bites you. The jackal barely misses you.
You hit the jackal but do no damage.
The jackal is heavily wounded.
The jackal bites you.
Damage: 2 (max 3)
You hit the jackal but do no damage.
The jackal is heavily wounded.
The jackal misses you.
You barely miss the jackal.
The jackal is heavily wounded.
The jackal bites you.
Damage: 2 (max 3)
You barely miss the jackal.
The jackal is heavily wounded.
The jackal bites you.
* * * LOW HITPOINT WARNING * * *
The jackal bites you but does no damage.
Damage: 2 (max 3)
You are too injured to fight recklessly!
You are too injured to fight recklessly!
You are too injured to fight recklessly!
You are too injured to fight recklessly!
You are too injured to fight recklessly!
You are too injured to fight recklessly!
You miss the jackal.
The jackal is heavily wounded.
The jackal bites you.
You die...

########### #.........#
#.........# #.........####
#............#############
#.%......h##...h..........
#.#'#)..)@#######.########
###.##....# ##...#### ###
#...###### #.......#
##.###...## ##...##.# ##
#...#.(...# ##..###.###.
#...#.....# #..## #.....
#.<.'..8..# #.## #.....
#...#...[.# #.# ####.###
#...#.....# #.# #....# #


You could see a jackal.

Vanquished Creatures
  A giant cockroach (D:1)
  A jackal (D:1)
  3 kobolds (D:1)
  A ball python (D:1)
  4 bats (D:1)
  3 giant newts (D:1)
  2 goblins (D:1)
  3 rats (D:1)
18 creatures vanquished.

Notes
Turn   | Place    | Note
--------------------------------------------------------------
     0 | D:1      | Gorice the Spriggan Wanderer began the quest for the Orb.
     0 | D:1      | Gorice set off with: the Disquisition on Shape Shifting, a potion of lignification {!q}, a +0 robe, a +0 dagger, a bread ration {!e}, a stone of tremors
     0 | D:1      | Reached XP level 1. HP: 9/9 MP: 3/3
     0 | D:1      | Identified the Disquisition on Shape Shifting
   251 | D:1      | Reached skill level 2 in Stealth
   359 | D:1      | Reached skill level 1 in Short Blades
   396 | D:1      | Reached XP level 2. HP: 10/13 MP: 5/5
  1114 | D:1      | Reached skill level 2 in Short Blades
  1229 | D:1      | HP: 2/13 [jackal (2)]
  1230 | D:1      | Slain by a jackal

Vault maps used:
D:1:      minmay_arrival_shattered_statue

Action                   || total
-------------------------++-------
Melee: Dagger            ||    67
 Stab: Sleeping          ||     5

Table legend:
 A = Turns spent in this place as a percentage of turns spent in the entire game.
 B = Non-inter-level travel turns spent in this place as a percentage of non-inter-level travel turns spent in the entire game.
 C = Inter-level travel turns spent in this place as a percentage of turns spent in this place.
 D = Turns resting spent in this place as a percentage of non-inter-level travel turns spent in this place.
 E = Turns spent auto-exploring this place as a percentage of non-inter-level travel turns spent in this place.
 F = Non-inter-level travel turns spent in this place divided by the number of levels of this place that you've seen.
                   A       B       C       D       E      F
               +-------+-------+-------+-------+-------+----------------------
         Total | 100.0 | 100.0 |   0.0 |   3.5 |   4.3 | 398.0
       Dungeon | 100.0 | 100.0 |   0.0 |   3.5 |   4.3 | 398.0
               +-------+-------+-------+-------+-------+----------------------

Vault maps used:
D:1:      minmay_arrival_shattered_statue
